Map: Frozen Temple

Players

Duyuhh

  • Race: Terran Terran
  • League: Gold
  • Spawn Location: 11:00

Fropez - Winner!

  • Race: Protoss Protoss
  • League: Gold
  • Spawn Location: 5:00

VOD

Have the link to the VOD?

Description

Time

  • Played on: Nov. 15, 2016, 3:25 p.m.
  • Length: 9:13
Show
View Real Time Build Order
Export as new Build Order

Duyuhh Terran 

Build Orders: Liberator Opening 

Get SALT Encoding   

  12  0:02  SCV  
  13  0:14  SCV  
  13  0:19  Supply Depot  
  14  0:27  SCV  
  15  0:31  Refinery  
  15  0:43  Barracks  
  15  0:46  SCV  
  16  0:58  SCV  
  17  1:11  SCV  
  18  1:20  Refinery  
  18  1:23  SCV  
  19  1:35  SCV  
  19  1:37  Marine  
  19  1:38  Supply Depot  
  21  1:43  Factory  
  21  1:56  Orbital Command  
  21  2:16  Marine  
  22  2:25  SCV  
  22  2:29  Factory  
  23  2:32  Factory Reactor  
  23  2:44  SCV  
  23  2:49  Starport  
  24  2:56  SCV  
  25  3:00  Engineering Bay  
  25  3:07  Marine  
  25  3:10  Widow Mine x2  
  30  3:14  Factory Tech Lab  
  30  3:25  Marine, Supply Depot  
  31  3:34  Missile Turret  
  31  3:46  Siege Tank, SCV, Supply Depot  
  31  3:48  Widow Mine x2  
  35  3:50  Liberator  
  42  4:15  Missile Turret  
  42  4:34  Marine  
  43  4:52  Marine  
  44  4:57  Siege Tank  
  44  5:10  Widow Mine  
  46  5:45  Siege Tank  
  46  6:02  Supply Depot  
  46  6:03  Supply Depot  
  46  6:07  Liberator  
  46  6:18  Widow Mine  
  46  6:23  Widow Mine x2  
  49  6:47  Widow Mine  
  49  6:50  Marine, Liberator  
  49  6:52  Widow Mine  
  49  6:53  Siege Tank  
  57  6:56  Bunker  
  60  7:08  Marine  
  61  7:16  Widow Mine  
  63  7:24  Widow Mine  
  63  7:26  Marine  
  63  7:28  Supply Depot  
  63  7:29  Supply Depot  
  57  7:44  Marine  
  52  8:22  Command Center  
  48  8:32  Marine  
  41  8:50  Marine  
Show
View Real Time Build Order
Export as new Build Order

Fropez Protoss - Winner!

Build Orders:  

Get SALT Encoding   

  12  0:01  Probe (Chrono Boost)  
  13  0:11  Probe (Chrono Boost)  
  14  0:19  Pylon  
  14  0:22  Probe (Chrono Boost)  
  15  0:34  Assimilator  
  15  0:37  Probe (Chrono Boost)  
  16  0:43  Gateway  
  17  0:50  Probe (Chrono Boost)  
  17  1:00  Probe (Chrono Boost)  
  18  1:07  Assimilator  
  18  1:11  Probe (Chrono Boost)  
  19  1:16  Gateway  
  19  1:21  Probe (Chrono Boost)  
  20  1:33  Probe (Chrono Boost)  
  21  1:47  Nexus  
  21  2:00  Cybernetics Core  
  20  2:16  Pylon  
  20  2:19  Probe (Chrono Boost)  
  22  2:45  Mothership Core (Chrono Boost)  
  22  2:46  Stalker x2  
  22  2:50  Warp Gate (Chrono Boost)  
  27  2:54  Pylon  
  27  3:03  Probe x2 (Chrono Boost)  
  29  3:13  Probe (Chrono Boost)  
  29  3:16  Stalker x2  
  34  3:22  Probe  
  34  3:25  Probe  
  35  3:32  Twilight Council  
  36  3:38  Probe  
  36  3:40  Probe  
  38  3:50  Pylon, Probe  
  38  3:54  Probe  
  39  4:02  Probe  
  41  4:06  Pylon  
  41  4:07  Assimilator  
  41  4:09  Blink  
  41  4:15  Stalker  
  43  4:31  Probe  
  44  4:35  Probe  
  45  4:42  Robotics Facility  
  45  4:44  Probe  
  46  4:46  Gateway  
  44  5:03  Forge  
  44  5:05  Probe  
  44  5:06  Pylon  
  45  5:10  Assimilator  
  45  5:13  Pylon  
  45  5:28  Probe  
  44  5:29  Probe  
  45  5:41  Stalker x2  
  42  5:47  Observer (Chrono Boost)  
  42  5:49  Probe  
  42  5:50  Probe  
  41  6:04  Stalker  
  43  6:36  Stalker x2  
  43  6:37  Stalker  
  49  6:42  Protoss Ground Weapons Level 1 (Chrono Boost)  
  49  6:45  Immortal  
  47  7:15  Probe  
  48  7:27  Pylon  
  42  7:47  Observer (Chrono Boost)  
  42  7:50  Stalker x2  
  47  7:55  Photon Cannon  
  45  8:16  Stalker x2  
  45  8:17  Stalker  
  47  8:51  Pylon  
  47  8:53  Pylon  
  47  8:55  Pylon  
  47  8:56  Pylon  
  47  9:03  Pylon  
  47  9:04  Pylon  
  47  9:12  Pylon  
Tags
 
League
GoldGold
Matchup
PvT
Replay Pack
All Mines
Spawn Locations
Cross Positions
Add a new tag
Caveats
  • Supply blocks, unpowered buildings, or Contaminate may cause inaccurate times.
  • Supply counts are checked every 10 seconds.